 Dungeon Crawl Stone Soup version 0.29.0-15-g675c0067aa (webtiles) character file.

Game seed: 6890640783611642254

52247 qw the Cleaver (level 14, -4/90 HPs)
             Began as a Gargoyle Fighter on Sept 12, 2022.
             Was a High Priest of Okawaru.
             Slain by a manticore (9 damage)
             ... summoned by Kirke
             ... on level 12 of the Dungeon.
             The game lasted 00:07:21 (15360 turns).

qw the Cleaver (Gargoyle Fighter)                  Turns: 15360, Time: 00:07:22

Health: -4/90      AC:  0    Str: 24    XL:     14   Next: 63%
Magic:  15/21      EV: 16    Int: 10    God:    Okawaru [*****.]
Gold:   123        SH:  0    Dex:  9    Spells: 13/13 levels left

rFire   . . .      SeeInvis .     - Unarmed
rCold   . . .      Faith    .   (shield currently unavailable)
rNeg    + . .      Spirit   .   (body armour currently unavailable)
rPois   inf        Reflect  .   (helmet currently unavailable)
rElec   .          Harm     .   (cloak currently unavailable)
rCorr   .          Rampage  .   (gloves currently unavailable)
Will    +....                   (boots currently unavailable)
Stlth   +++.......              t - amulet of regeneration
HPRegen 1.05/turn               (ring currently unavailable)
MPRegen 0.17/turn               (ring currently unavailable)

@: pig-form, heroic, finesse-ful, slowed
A: fast, no casting, sickness immunity, AC +10, small, (big wings), negative
energy resistance 1, (electricity resistance), torment resistance 1,
petrification resistance, devolution 1
a: Renounce Religion, Heroism, Finesse, Duel


You were on level 12 of the Dungeon.
You worshipped Okawaru.
Okawaru was extremely pleased with you.
You were a filthy swine.
You visited 3 branches of the dungeon, and saw 18 of its levels.

You collected 1297 gold pieces.
You spent 1174 gold pieces at shops.


Innate Abilities, Weirdness & Mutations

You are a filthy swine.
You move quickly.
Your equipment is almost entirely melded.
You are incapable of wielding weapons or throwing items.
You cannot cast spells.
You are immune to sickness and miasma.
((Your stone body is resilient. (AC +10)))
You are immune to poison.
((Your large and strong wings let you fly.))
You resist negative energy. (rN+)
((You are resistant to electric shocks. (rElec)))
You are resistant to unholy torment.
You are immune to petrification.
You have hidden genetic defects.


   Skills:
 - Level 11.0(16.0) Fighting
 - Level 14.4(19.4) Axes
 + Level 5.7(10.7) Throwing
 - Level 10.0(15.0) Armour
 - Level 2.3(7.3) Dodging
 - Level 12.0(17.0) Shields
 - Level 10.0 Invocations


You had 13 spell levels left.
You didn't know any spells.
Your spell library was empty.

Inventory:

Hand Weapons
 s - the +8 war axe "Kiuxkire" {pain, rC+ rCorr Str+3 Int+3}
   (Okawaru gifted it to you on level 11 of the Dungeon)

   In the hands of one skilled in necromantic magic, it inflicts extra damage on
   living creatures.
   Str:       It affects your strength (+3).
   Int:       It affects your intelligence (+3).
   rC:        It protects you from cold.
   rCorr:     It protects you from acid and corrosion.
 u - a +6 broad axe (melded)
 A - a +0 morningstar
Missiles
 i - a javelin
 w - 2 silver javelins
 z - 17 boomerangs
Armour
 g - a +1 pair of gloves (melded)
 h - a +0 kite shield (melded)
 k - the +0 chain mail "Kiclol" {rPois rC+++ rCorr MP-9}
   (You found it on level 2 of the Lair of Beasts)

   rC:        It renders you almost immune to cold.
   rPois:     It protects you from poison.
   MP:        It affects your magic capacity (-9).
   rCorr:     It protects you from acid and corrosion.
 l - the +0 helmet of Eternity (melded) {Drain rElec rC+++ SInv}
   (Okawaru gifted it to you on level 3 of the Lair of Beasts)

   rC:        It renders you almost immune to cold.
   rElec:     It insulates you from electricity.
   SInv:      It lets you see invisible.
   Drain:     It drains your maximum health when unequipped.
 p - a +1 plate armour of poison resistance (melded)
 q - a +0 cloak (melded)
Jewellery
 c - a +4 ring of evasion (melded)
 e - a +4 ring of protection (melded)
 r - a ring of protection from fire
 t - an amulet of regeneration (around neck)
 v - a ring of fire
 Y - a ring of protection from cold
Wands
 y - a wand of digging (23)
Scrolls
 a - 7 scrolls of identify
 b - 3 scrolls of blinking
 n - 5 scrolls of teleportation
Potions
 d - 6 potions of might
 f - 6 potions of heal wounds
 j - 7 potions of curing
 m - 4 potions of haste
 o - 2 potions of attraction

Dungeon Overview and Level Annotations

Branches:
Dungeon (12/15)            Temple (1/1) D:6            Lair (5/5) D:9
 Shoals (0/4) Lair:2       Spider (0/4) Lair:3        Slime (0/5) Lair:5
    Orc (0/2) D:10

Altars:
Ashenzari
Cheibriados
Dithmenos
Elyvilon
Fedhas
Gozag
Hepliaklqana
Kikubaaqudgha
Makhleb
Nemelex Xobeh
Okawaru
Qazlal
Ru
Sif Muna
Trog
Uskayaw
Vehumet
Wu Jian
Xom
Yredelemnul
Zin
The Shining One
Jiyva
Lugonu

Shops:
D:3 !   D:5 :   D:12 ?

Portals:
Abyss: D:5
Ossuary: D:4

Annotations:
D:2 1 runed translucent door, Crazy Yiuf
D:12 Kirke


Message History

The two-headed ogre shouts in stereo!
You slice Kirke!!
Kirke is moderately wounded.
You hit the manticore. You slash Kirke!
Kirke is moderately wounded.
You hit the manticore. You block Kirke's attack. The manticore bites you.
The manticore claws you but does no damage.
The manticore barely misses you.
You slice Kirke!!
Kirke is heavily wounded.
You hit the hog. You hit the manticore.
You hear an angry squeal.
The hog misses you. Kirke casts a spell at you.
You turn into a filthy swine.
Your +6 broad axe melds into your body.
Your +0 cloak melds into your body.
The +0 helmet of Eternity {Drain rElec rC+++ SInv} melds into your body.
Your +1 pair of gloves melds into your body.
Your +0 kite shield melds into your body.
Your +1 plate armour of poison resistance melds into your body.
Your +4 ring of protection melds into your body.
Your +4 ring of evasion melds into your body.
You hear an angry squeal.
You bite Kirke!
Kirke is severely wounded.
The manticore misses you. x2; The manticore claws you.
You bite Kirke!
Kirke is severely wounded.
The hog bites you!
Kirke drinks a potion.
Kirke is healed!
The manticore bites you!! The manticore closely misses you.
The manticore claws you!
You hit Kirke.
Kirke is moderately wounded.
The hog closely misses you.
You hit Kirke.
Kirke is heavily wounded.
Kirke hits you. The manticore bites you!! The manticore claws you!
You die...

#..####.###.#
##..........#
##.........#
###.......#
####....#
####.#
###...#
##h....#
#(Hh...#
#O@###.# #...
#.# #... ..#
..... ..#
###### ##


You could see Kirke, a two-headed ogre, a manticore (summoned) and a hog.

Vanquished Creatures
  3 hydras
  3 two-headed ogres
  Erica (D:9)
  4 death yaks (Lair:2)
  Urug (D:11)
  A skeletal warrior (D:12)
  Pikel (D:6)
  2 ugly things (D:11)
  3 oklob plants (Lair:5)
  A cyclops (D:9)
  A shining eye (shapeshifter) (D:12)
  6 black mambas
  A manticore (D:11)
  Joseph (D:7)
  6 centaur zombies (D:10)
  2 gargoyles
  5 unseen horror zombies (D:10)
  21 cane toads
  6 komodo dragons
  3 rime drakes
  3 trolls
  A meliai (Lair:3)
  21 blink frogs
  4 tyrant leeches (Lair:5)
  A meliai zombie (D:10)
  5 slime creatures
  Sigmund (D:3)
  8 shadows
  13 wraiths
  4 vampires (D:10)
  30 yaks
  A hog (D:12)
  6 wyverns
  4 steam dragons
  17 vampire mosquitoes
  2 acid dragons
  9 water moccasins
  6 black bears
  8 orc warriors
  2 ice beasts
  2 sky beasts (D:7)
  6 wolves (Lair:5)
  3 centaurs
  4 lemures (D:6)
  14 bullfrogs
  2 necrophages (D:7)
  A gnoll sergeant (D:7)
  A spectral water moccasin (D:7)
  6 scorpions
  19 wights
  20 killer bees
  5 howler monkeys
  3 electric eels
  4 hounds
  A gnoll bouda (D:7)
  2 jellies
  A centaur skeleton (D:7)
  7 orc priests
  5 iguanas
  12 orc wizards
  A killer bee zombie (D:7)
  Robin (D:2)
  3 howler monkey zombies (D:10)
  7 adders
  7 gnolls
  A shadow imp (D:6)
  A white imp (D:7)
  A howler monkey simulacrum (D:7)
  3 ufetubi
  2 worms
  2 dart slugs
  36 orcs
  3 bats
  6 endoplasms
  12 goblins
  9 hobgoblins
  3 jackals (D:1)
  9 kobolds
  2 quokkas (D:2)
  5 ball pythons
  3 frilled lizards
  6 rats
  2 lurking horrors (D:5)
461 creatures vanquished.

Vanquished Creatures (others)
  22 fungi
  64 plants
  27 withered plants
113 creatures vanquished.

Grand Total: 574 creatures vanquished

Notes
Turn   | Place    | Note
-------+----------+-------------------------------------------
     0 | D:1      | qw the Gargoyle Fighter began the quest for the Orb.
     0 | D:1      | Reached XP level 1. HP: 14/14 MP: 1/1
     0 | D:1      | 0 ||| qw: Version: 0.1-a-119-g272c26d
     0 | D:1      | 0 ||| qw: Game counter: 11010
     0 | D:1      | 0 ||| qw: Always use a shield: true
     0 | D:1      | 0 ||| qw: God list: Okawaru
     0 | D:1      | 0 ||| qw: Allow faded altars: false
     0 | D:1      | 0 ||| qw: Do Orc after D:15 true
     0 | D:1      | 0 ||| qw: Do second Lair branch before Depths: true
     0 | D:1      | 0 ||| qw: Lair rune preference: random
     0 | D:1      | 0 ||| qw: Plans: Normal, Zot, God:TSO, Crypt, Tomb, Pan,
                  | Slime, Hells, Zig, Abyss, Orb
     0 | D:1      | 0 ||| PLANNING D:1-11
    19 | D:1      | 19 ||| Stepping ~*~*~tactically~*~*~ (stealth).
    24 | D:1      | Reached skill level 2 in Axes
    24 | D:1      | 24 ||| Stepping ~*~*~tactically~*~*~ (stealth).
    27 | D:1      | 27 ||| Stepping ~*~*~tactically~*~*~ (stealth).
    51 | D:1      | Reached XP level 2. HP: 19/19 MP: 2/2
   112 | D:1      | 112 ||| Stepping ~*~*~tactically~*~*~ (stealth).
   124 | D:1      | 124 ||| Stepping ~*~*~tactically~*~*~ (stealth).
   307 | D:1      | Found a faded altar of an unknown god.
   333 | D:1      | 333 ||| DROPPING +0 club.
   659 | D:1      | Reached skill level 3 in Axes
   757 | D:1      | Reached XP level 3. HP: 23/23 MP: 3/3
   805 | D:1      | 805 ||| UPGRADING to +0 helmet.
   810 | D:1      | 810 ||| READING scroll labelled GEMMUF QILA.
   811 | D:1      | 811 ||| READING 2 scrolls labelled GUTZAW TOP.
   812 | D:1      | 812 ||| READING scroll labelled FOTZETUONN.
   813 | D:1      | 813 ||| READING scroll labelled LOVELL RADYNICH.
   814 | D:1      | 814 ||| DROPPING scroll of magic mapping.
   985 | D:2      | 985 ||| Stepping ~*~*~tactically~*~*~ (stealth).
   986 | D:2      | 986 ||| Stepping ~*~*~tactically~*~*~ (stealth).
  1436 | D:2      | Noticed Robin
  1437 | D:2      | 1437 ||| Stepping ~*~*~tactically~*~*~ (stealth).
  1442 | D:2      | 1442 ||| Stepping ~*~*~tactically~*~*~ (stealth).
  1444 | D:2      | 1444 ||| Stepping ~*~*~tactically~*~*~ (hiding).
  1446 | D:2      | 1446 ||| Stepping ~*~*~tactically~*~*~ (hiding).
  1453 | D:2      | Killed Robin
  1459 | D:2      | Reached XP level 4. HP: 16/28 MP: 4/4
  1466 | D:2      | Reached skill level 4 in Axes
  1955 | D:2      | Found a runed translucent door.
  1956 | D:2      | Noticed Crazy Yiuf
  2141 | D:2      | 2141 ||| UPGRADING to +4 ring of protection.
  2142 | D:2      | 2142 ||| UPGRADING to ring of willpower.
  2143 | D:2      | 2143 ||| READING scroll labelled SEGUGE JOTUD.
  2144 | D:2      | 2144 ||| READING 2 scrolls labelled WOIQUM XEIDUVI.
  2145 | D:2      | 2145 ||| READING scroll labelled AMIXKO UQUSSUEJ.
  2194 | D:2      | 2194 ||| DRINKING 2 bubbling grey potions.
  2195 | D:2      | 2195 ||| DRINKING 2 brown potions.
  2196 | D:2      | 2196 ||| DROPPING scroll of noise.
  2421 | D:3      | Identified the +2 robe "Dusel" {+Blink rN+ Str+4}
  2462 | D:3      | Found a shimmering blue altar of Sif Muna.
  2489 | D:3      | Found Akhociycw's Distillery.
  2491 | D:3      | Noticed Sigmund
  2492 | D:3      | 2492 ||| Stepping ~*~*~tactically~*~*~ (hiding).
  2500 | D:3      | Killed Sigmund
  2501 | D:3      | Reached skill level 5 in Axes
  2501 | D:3      | Reached XP level 5. HP: 12/32 MP: 5/5
  2501 | D:3      | Reached XP level 6. HP: 14/37 MP: 6/6
  2690 | D:3      | 2690 ||| BUYING potion of haste (140 gold).
  2690 | D:3      | Bought a potion of haste for 140 gold pieces
  2690 | D:3      | 2690 ||| SHOPLISTING potion of heal wounds (70 gold, have
                  | 27).
  2690 | D:3      | 2690 ||| SHOPLISTING potion of lignification (42 gold, have
                  | 27).
  2690 | D:3      | 2690 ||| SHOPLISTING potion of might (56 gold, have 27).
  2690 | D:3      | 2690 ||| SHOPLISTING potion of resistance (140 gold, have
                  | 27).
  2865 | D:3      | 2865 ||| READING 3 scrolls of enchant weapon.
  2865 | D:3      | 2865 ||| ENCHANTING +1 war axe.
  2866 | D:3      | 2866 ||| READING 2 scrolls of enchant weapon.
  2866 | D:3      | 2866 ||| ENCHANTING +2 war axe.
  2867 | D:3      | 2867 ||| READING scroll of enchant weapon.
  2867 | D:3      | 2867 ||| ENCHANTING +3 war axe.
  3025 | D:3      | 3025 ||| UPGRADING to +0 pair of gloves.
  3030 | D:3      | 3030 ||| UPGRADING to amulet of regeneration.
  3035 | D:3      | 3035 ||| READING scroll labelled ELUQIRIXAWK.
  3036 | D:3      | 3036 ||| READING scroll labelled BUSIER TABADO.
  3084 | D:4      | 3084 ||| PLANNING OSSUARY
  3109 | D:4      | 3109 ||| Stepping ~*~*~tactically~*~*~ (stealth).
  3110 | D:4      | 3110 ||| Stepping ~*~*~tactically~*~*~ (stealth).
  3111 | D:4      | 3111 ||| Stepping ~*~*~tactically~*~*~ (stealth).
  3113 | D:4      | 3113 ||| Stepping ~*~*~tactically~*~*~ (stealth).
  3166 | D:4      | 3166 ||| Stepping ~*~*~tactically~*~*~ (stealth).
  3274 | D:4      | Reached skill level 1 in Dodging
  3288 | D:4      | Reached XP level 7. HP: 44/44 MP: 7/7
  3291 | D:4      | Reached skill level 6 in Axes
  3537 | D:4      | Found a sand-covered staircase.
  3538 | D:4      | 3538 ||| DROPPING amulet of magic regeneration.
  3539 | D:4      | 3539 ||| UPGRADING to ring of protection from cold.
  3541 | D:4      | 3541 ||| READING scroll labelled FYZEF CUUSAIZE.
  3542 | D:4      | 3542 ||| READING scroll labelled ALUJAB LUALITO.
  3543 | D:4      | 3543 ||| READING scroll labelled ZAIL BEYMAZAT.
  3544 | D:4      | 3544 ||| READING 2 scrolls of identify.
  3544 | D:4      | 3544 ||| IDENTIFYING bubbling white potion
  3545 | D:4      | 3545 ||| DROPPING potion of ambrosia.
  3633 | D:4      | 3633 ||| RIP OSSUARY
  3633 | D:4      | 3633 ||| PLANNING D:1-11
  3667 | D:5      | Entered Level 5 of the Dungeon
  3705 | D:5      | 3705 ||| READING scroll of teleportation.
  3722 | D:5      | 3722 ||| Stepping ~*~*~tactically~*~*~ (stealth).
  3727 | D:5      | 3727 ||| Stepping ~*~*~tactically~*~*~ (stealth).
  3730 | D:5      | 3730 ||| Stepping ~*~*~tactically~*~*~ (stealth).
  3734 | D:5      | 3734 ||| Stepping ~*~*~tactically~*~*~ (hiding).
  3740 | D:5      | Reached skill level 7 in Axes
  3744 | D:5      | 3744 ||| Stepping ~*~*~tactically~*~*~ (hiding).
  3752 | D:5      | 3752 ||| Stepping ~*~*~tactically~*~*~ (stealth).
  3770 | D:5      | Reached XP level 8. HP: 49/49 MP: 8/8
  3800 | D:5      | 3800 ||| Stepping ~*~*~tactically~*~*~ (stealth).
  3825 | D:5      | 3825 ||| Stepping ~*~*~tactically~*~*~ (stealth).
  3929 | D:5      | Found Dewocum's Book Boutique.
  3988 | D:5      | Found a one-way gate to the infinite horrors of the Abyss.
  4011 | D:5      | Found a corrupted altar of Lugonu.
  4056 | D:5      | Reached skill level 8 in Axes
  4352 | D:5      | 4352 ||| UPGRADING to +0 chain mail.
  4371 | D:5      | 4371 ||| UPGRADING to +0 chain mail.
  4381 | D:5      | 4381 ||| DROPPING +0 scale mail.
  4384 | D:5      | 4384 ||| UPGRADING to +0 plate armour.
  4394 | D:5      | 4394 ||| DROPPING +0 chain mail.
  4395 | D:5      | 4395 ||| DROPPING +0 mace.
  4531 | D:5      | 4531 ||| READING 2 scrolls labelled XYTWAMASEA.
  4532 | D:5      | 4532 ||| DROPPING scroll of butterflies.
  4597 | D:6      | 4597 ||| Stepping ~*~*~tactically~*~*~ (stealth).
  4613 | D:6      | 4613 ||| Stepping ~*~*~tactically~*~*~ (stealth).
  4717 | D:6      | 4717 ||| DRINKING 3 potions of curing.
  4717 | D:6      | 4717 ||| (to cure confusion)
  4796 | D:6      | Noticed Pikel
  4823 | D:6      | Killed Pikel
  4824 | D:6      | Reached XP level 9. HP: 43/59 MP: 9/9
  5010 | D:6      | Found a staircase to the Ecumenical Temple.
  5011 | D:6      | 5011 ||| PLANNING TEMPLE
  5011 | D:6      | 5011 ||| DRINKING 2 bubbling red potions.
  5020 | Temple   | Entered the Ecumenical Temple
  5021 | Temple   | 5021 ||| PLANNING D:1-11
  5171 | D:6      | Found a broken altar of Ashenzari.
  5171 | D:6      | Found a hide-covered altar of Uskayaw.
  5174 | D:6      | Found a shimmering altar of Xom.
  5176 | D:6      | Found a hazy altar of Hepliaklqana.
  5439 | D:7      | 5439 ||| Stepping ~*~*~tactically~*~*~ (stealth).
  5441 | D:7      | 5441 ||| Stepping ~*~*~tactically~*~*~ (hiding).
  5483 | D:7      | 5483 ||| Stepping ~*~*~tactically~*~*~ (hiding).
  5493 | D:7      | Reached skill level 9 in Axes
  5493 | D:7      | 5493 ||| Stepping ~*~*~tactically~*~*~ (cloud).
  5623 | D:7      | 5623 ||| Stepping ~*~*~tactically~*~*~ (stealth).
  5626 | D:7      | 5626 ||| Stepping ~*~*~tactically~*~*~ (stealth).
  5752 | D:7      | 5752 ||| Stepping ~*~*~tactically~*~*~ (hiding).
  5760 | D:7      | Reached skill level 6 in Armour
  5821 | D:7      | Noticed a komodo dragon
  5833 | D:7      | Killed a komodo dragon
  5834 | D:7      | Reached skill level 10 in Axes
  5834 | D:7      | Reached XP level 10. HP: 31/64 MP: 10/10
  5880 | D:7      | Reached skill level 1 in Throwing
  6000 | D:7      | Noticed a two-headed ogre
  6016 | D:7      | Killed a two-headed ogre
  6026 | D:7      | Reached skill level 3 in Throwing
  6028 | D:7      | 6028 ||| FLEEEEING.
  6082 | D:7      | Identified the +5 longbow "Nolir" {vorpal, rF+ Will+
                  | Stlth+}
  6247 | D:7      | Noticed Joseph
  6248 | D:7      | 6248 ||| FLEEEEING.
  6250 | D:7      | 6250 ||| Stepping ~*~*~tactically~*~*~ (hiding).
  6266 | D:7      | Killed Joseph
  6287 | D:7      | 6287 ||| Stepping ~*~*~tactically~*~*~ (stealth).
  6295 | D:7      | Found a stormy altar of Qazlal.
  6327 | D:7      | 6327 ||| DROPPING +0 flail.
  6355 | D:7      | Identified the +7 quarterstaff of the Burning God {protect,
                  | rElec rPois Will++ Dex-3}
  6440 | D:7      | 6440 ||| Stepping ~*~*~tactically~*~*~ (stealth).
  6442 | D:7      | 6442 ||| Stepping ~*~*~tactically~*~*~ (stealth).
  6444 | D:7      | 6444 ||| Stepping ~*~*~tactically~*~*~ (stealth).
  6456 | D:7      | 6456 ||| Stepping ~*~*~tactically~*~*~ (stealth).
  6463 | D:7      | 6463 ||| Stepping ~*~*~tactically~*~*~ (stealth).
  6465 | D:7      | 6465 ||| Stepping ~*~*~tactically~*~*~ (stealth).
  6497 | D:7      | Reached skill level 11 in Axes
  6499 | D:7      | Found the +4 dagger "Morg" {pain, Will+ Int+5}
  6589 | D:7      | 6589 ||| UPGRADING to +1 plate armour of poison resistance.
  6599 | D:7      | 6599 ||| DROPPING +0 plate armour.
  6600 | D:7      | 6600 ||| READING scroll labelled NEPSIH AJIFEL.
  6601 | D:7      | 6601 ||| DRINKING 2 viscous pink potions.
  6602 | D:7      | 6602 ||| READING 3 scrolls of identify.
  6602 | D:7      | 6602 ||| IDENTIFYING viscous purple potion
  6603 | D:7      | 6603 ||| READING 2 scrolls of identify.
  6603 | D:7      | 6603 ||| IDENTIFYING smoky pink potion
  6604 | D:7      | 6604 ||| DROPPING potion of flight.
  6605 | D:7      | 6605 ||| DROPPING potion of degeneration.
  6899 | D:8      | Reached skill level 9 in Fighting
  6899 | D:8      | Reached XP level 11. HP: 71/71 MP: 11/11
  7059 | D:8      | 7059 ||| Stepping ~*~*~tactically~*~*~ (hiding).
  7377 | D:8      | 7377 ||| Stepping ~*~*~tactically~*~*~ (hiding).
  7379 | D:8      | 7379 ||| Stepping ~*~*~tactically~*~*~ (hiding).
  7398 | D:8      | 7398 ||| Stepping ~*~*~tactically~*~*~ (hiding).
  7581 | D:8      | 7581 ||| UPGRADING to +0 kite shield.
  7591 | D:8      | 7591 ||| DROPPING +0 buckler.
  7592 | D:8      | 7592 ||| READING scroll labelled PEOPAUG YMPIFY.
  7593 | D:8      | 7593 ||| READING 2 scrolls of identify.
  7593 | D:8      | 7593 ||| IDENTIFYING bubbling emerald potion
  7594 | D:8      | 7594 ||| DROPPING potion of magic.
  7645 | D:9      | Noticed a two-headed ogre
  7657 | D:9      | Killed a two-headed ogre
  7658 | D:9      | Reached skill level 6 in Shields
  7761 | D:9      | 7761 ||| FLEEEEING.
  7762 | D:9      | 7762 ||| FLEEEEING.
  7763 | D:9      | 7763 ||| FLEEEEING.
  7764 | D:9      | 7764 ||| FLEEEEING.
  7785 | D:9      | 7785 ||| Stepping ~*~*~tactically~*~*~ (stealth).
  7791 | D:9      | 7791 ||| Stepping ~*~*~tactically~*~*~ (stealth).
  7813 | D:9      | Noticed Erica
  7823 | D:9      | 7823 ||| DRINKING 4 potions of curing.
  7823 | D:9      | 7823 ||| (to cure confusion)
  7833 | D:9      | Killed Erica
  7872 | D:9      | Found a staircase to the Lair.
  8111 | D:9      | Noticed a cyclops
  8118 | D:9      | Killed a cyclops
  8211 | D:9      | 8211 ||| FLEEEEING.
  8212 | D:9      | 8212 ||| FLEEEEING.
  8217 | D:9      | 8217 ||| FLEEEEING.
  8218 | D:9      | 8218 ||| FLEEEEING.
  8229 | D:9      | 8229 ||| Stepping ~*~*~tactically~*~*~ (hiding).
  8411 | D:9      | Found an iron altar of Okawaru.
  8412 | D:9      | Found an ancient bone altar of Kikubaaqudgha.
  8413 | D:9      | 8413 ||| UPGRADING to +4 ring of evasion.
  8415 | D:9      | 8415 ||| DROPPING ring of willpower.
  8416 | D:9      | 8416 ||| READING 2 scrolls of identify.
  8416 | D:9      | 8416 ||| IDENTIFYING gluggy clear potion
  8417 | D:9      | 8417 ||| DROPPING potion of brilliance.
  8418 | D:9      | 8418 ||| READING 2 scrolls of teleportation.
  8513 | D:9      | 8513 ||| Stepping ~*~*~tactically~*~*~ (stealth).
  8515 | D:9      | 8515 ||| Stepping ~*~*~tactically~*~*~ (stealth).
  8517 | D:9      | 8517 ||| Stepping ~*~*~tactically~*~*~ (stealth).
  8519 | D:9      | 8519 ||| Stepping ~*~*~tactically~*~*~ (stealth).
  8521 | D:9      | 8521 ||| Stepping ~*~*~tactically~*~*~ (stealth).
  8613 | D:9      | Found a glowing golden altar of the Shining One.
  8734 | D:9      | Became a worshipper of Warmaster Okawaru
  8753 | D:10     | Entered Level 10 of the Dungeon
  8756 | D:10     | 8756 ||| STAIRDANCE
  8766 | D:10     | 8766 ||| STAIRDANCE
  8774 | D:9      | Reached skill level 9 in Shields
  8778 | D:10     | 8778 ||| STAIRDANCE
  8792 | D:10     | 8792 ||| STAIRDANCE
  8907 | D:10     | 8907 ||| STAIRDANCE
  8926 | D:10     | 8926 ||| STAIRDANCE
  8935 | D:10     | 8935 ||| STAIRDANCE
  9049 | D:10     | Reached * piety under Okawaru
  9050 | D:10     | 9050 ||| INVOKING Heroism.
  9056 | D:10     | Reached skill level 1 in Invocations
  9064 | D:10     | 9064 ||| STAIRDANCE
  9080 | D:10     | Reached ** piety under Okawaru
  9092 | D:10     | 9092 ||| Stepping ~*~*~tactically~*~*~ (stealth).
  9102 | D:10     | Reached skill level 3 in Invocations
  9111 | D:10     | 9111 ||| DRINKING 5 potions of curing.
  9111 | D:10     | 9111 ||| (to cure confusion)
  9117 | D:10     | 9117 ||| INVOKING Heroism.
  9127 | D:10     | Reached XP level 12. HP: 43/76 MP: 12/14
  9168 | D:10     | 9168 ||| Stepping ~*~*~tactically~*~*~ (stealth).
  9201 | D:10     | 9201 ||| Stepping ~*~*~tactically~*~*~ (stealth).
  9202 | D:10     | 9202 ||| Stepping ~*~*~tactically~*~*~ (stealth).
  9284 | D:10     | 9284 ||| Stepping ~*~*~tactically~*~*~ (stealth).
  9290 | D:10     | 9290 ||| INVOKING Heroism.
  9309 | D:10     | 9309 ||| INVOKING Heroism.
  9312 | D:10     | Reached skill level 12 in Axes
  9330 | D:10     | 9330 ||| Stepping ~*~*~tactically~*~*~ (stealth).
  9335 | D:10     | 9335 ||| INVOKING Heroism.
  9365 | D:10     | Found a staircase to the Orcish Mines.
  9391 | D:10     | Reached *** piety under Okawaru
  9405 | D:10     | 9405 ||| Stepping ~*~*~tactically~*~*~ (stealth).
  9407 | D:10     | Found a bloodstained altar of Trog.
  9434 | D:10     | 9434 ||| INVOKING Heroism.
  9468 | D:10     | 9468 ||| FLEEEEING.
  9470 | D:10     | 9470 ||| FLEEEEING.
  9471 | D:10     | 9471 ||| FLEEEEING.
  9472 | D:10     | 9472 ||| FLEEEEING.
  9473 | D:10     | 9473 ||| FLEEEEING.
  9474 | D:10     | 9474 ||| FLEEEEING.
  9476 | D:10     | 9476 ||| INVOKING Heroism.
  9477 | D:10     | 9477 ||| Stepping randomly (cloudy).
  9478 | D:10     | 9478 ||| Stepping ~*~*~tactically~*~*~ (cloud).
  9527 | D:10     | Noticed a two-headed ogre
  9535 | D:10     | Killed a two-headed ogre
  9604 | D:10     | 9604 ||| DRINKING 4 potions of curing.
  9604 | D:10     | 9604 ||| (to cure confusion)
  9608 | D:10     | 9608 ||| DRINKING 3 potions of curing.
  9608 | D:10     | 9608 ||| (to cure confusion)
  9692 | D:10     | 9692 ||| Stepping ~*~*~tactically~*~*~ (hiding).
  9694 | D:10     | 9694 ||| Stepping ~*~*~tactically~*~*~ (hiding).
  9905 | D:10     | 9905 ||| Stepping ~*~*~tactically~*~*~ (stealth).
  9907 | D:10     | 9907 ||| Stepping ~*~*~tactically~*~*~ (stealth).
  9925 | D:10     | Reached skill level 9 in Armour
  9990 | D:10     | 9990 ||| PLANNING LAIR
 10039 | Lair:1   | Entered Level 1 of the Lair of Beasts
 10100 | Lair:1   | Reached **** piety under Okawaru
 10152 | Lair:1   | 10152 ||| INVOKING Heroism.
 10218 | Lair:1   | 10218 ||| INVOKING Heroism.
 10334 | Lair:1   | You fall into a shaft and drop 1 floor!
 10356 | Lair:2   | 10356 ||| INVOKING Heroism.
 10436 | Lair:2   | Noticed a death yak
 10437 | Lair:2   | 10437 ||| INVOKING Heroism.
 10439 | Lair:2   | Noticed a death yak
 10439 | Lair:2   | Noticed a death yak
 10441 | Lair:2   | Noticed a death yak
 10453 | Lair:2   | Killed a death yak
 10456 | Lair:2   | Killed a death yak
 10467 | Lair:2   | 10467 ||| INVOKING Heroism.
 10469 | Lair:2   | Killed a death yak
 10474 | Lair:2   | Killed a death yak
 10475 | Lair:2   | Reached skill level 6 in Invocations
 10495 | Lair:2   | 10495 ||| DROPPING +3 chain mail.
 10579 | Lair:1   | 10579 ||| INVOKING Heroism.
 10936 | Lair:1   | 10936 ||| DROPPING amulet of guardian spirit.
 11012 | Lair:2   | Found a staircase to the Shoals.
 11018 | Lair:2   | 11018 ||| Stepping ~*~*~tactically~*~*~ (stealth).
 11035 | Lair:2   | Reached XP level 13. HP: 80/82 MP: 18/18
 11037 | Lair:2   | Reached ***** piety under Okawaru
 11049 | Lair:2   | 11049 ||| FLEEEEING.
 11050 | Lair:2   | 11050 ||| FLEEEEING.
 11051 | Lair:2   | 11051 ||| FLEEEEING.
 11052 | Lair:2   | 11052 ||| FLEEEEING.
 11057 | Lair:2   | 11057 ||| INVOKING Heroism.
 11072 | Lair:2   | 11072 ||| INVOKING Finesse.
 11073 | Lair:2   | 11073 ||| SWAPPING to +0 morningstar.
 11085 | Lair:2   | 11085 ||| SWAPPING to +4 war axe.
 11223 | Lair:2   | Identified the +0 chain mail "Kiclol" {rPois rC+++ rCorr
                  | MP-9}
 11612 | Lair:2   | 11612 ||| UPGRADING to +0 chain mail "Kiclol" {rPois rC+++
                  | rCorr MP-9}.
 11622 | Lair:2   | 11622 ||| UPGRADING to +0 cloak.
 11655 | Lair:3   | 11655 ||| Stepping ~*~*~tactically~*~*~ (stealth).
 11659 | Lair:3   | 11659 ||| Stepping ~*~*~tactically~*~*~ (stealth).
 11749 | Lair:3   | 11749 ||| READING scroll of enchant weapon.
 11749 | Lair:3   | 11749 ||| ENCHANTING +4 war axe.
 11788 | Lair:3   | Found a frozen archway.
 11792 | Lair:3   | 11792 ||| INVOKING Heroism.
 11803 | Lair:3   | Identified the +0 helmet of Eternity {Drain rElec rC+++
                  | SInv} (Okawaru gifted it to you on level 3 of the Lair of
                  | Beasts)
 11803 | Lair:3   | Received a gift from Okawaru
 11836 | Lair:3   | Reached skill level 13 in Axes
 11936 | Lair:3   | 11936 ||| INVOKING Heroism.
 11937 | Lair:3   | 11937 ||| INVOKING Finesse.
 11940 | Lair:3   | 11940 ||| SWAPPING to +0 morningstar.
 11955 | Lair:3   | 11955 ||| SWAPPING to +5 war axe.
 12192 | Lair:3   | 12192 ||| INVOKING Heroism.
 12193 | Lair:3   | 12193 ||| INVOKING Finesse.
 12196 | Lair:3   | 12196 ||| SWAPPING to +0 morningstar.
 12207 | Lair:3   | Reached skill level 9 in Invocations
 12207 | Lair:3   | 12207 ||| SWAPPING to +5 war axe.
 12547 | Lair:3   | 12547 ||| Stepping ~*~*~tactically~*~*~ (stealth).
 12548 | Lair:3   | Found a hole to the Spider Nest.
 12549 | Lair:3   | 12549 ||| INVOKING Heroism.
 12550 | Lair:3   | 12550 ||| Stepping ~*~*~tactically~*~*~ (hiding).
 12692 | Lair:3   | 12692 ||| UPGRADING to +0 helmet of Eternity {Drain rElec
                  | rC+++ SInv}.
 12702 | Lair:3   | 12702 ||| DROPPING +0 helmet.
 12703 | Lair:3   | 12703 ||| UPGRADING to +1 plate armour of poison
                  | resistance.
 12781 | Lair:4   | 12781 ||| INVOKING Heroism.
 12782 | Lair:4   | 12782 ||| Stepping ~*~*~tactically~*~*~ (stealth).
 12783 | Lair:4   | 12783 ||| Stepping ~*~*~tactically~*~*~ (stealth).
 12892 | Lair:4   | 12892 ||| SWAPPING to +0 broad axe of freezing.
 12893 | Lair:4   | 12893 ||| DROPPING +5 war axe.
 12943 | Lair:4   | 12943 ||| Stepping ~*~*~tactically~*~*~ (hiding).
 12945 | Lair:4   | 12945 ||| Stepping ~*~*~tactically~*~*~ (hiding).
 12946 | Lair:4   | 12946 ||| INVOKING Heroism.
 12947 | Lair:4   | 12947 ||| Stepping ~*~*~tactically~*~*~ (cloud).
 12956 | Lair:4   | 12956 ||| Stepping ~*~*~tactically~*~*~ (stealth).
 13317 | Lair:4   | 13317 ||| Stepping ~*~*~tactically~*~*~ (hiding).
 13321 | Lair:4   | 13321 ||| INVOKING Heroism.
 13322 | Lair:4   | 13322 ||| Stepping randomly (cloudy).
 13365 | Lair:4   | 13365 ||| Stepping ~*~*~tactically~*~*~ (stealth).
 13366 | Lair:4   | 13366 ||| INVOKING Heroism.
 13664 | Lair:5   | Entered Level 5 of the Lair of Beasts
 13666 | Lair:5   | 13666 ||| INVOKING Heroism.
 13712 | Lair:5   | 13712 ||| INVOKING Heroism.
 13779 | Lair:5   | Found a staircase to the Slime Pits.
 13780 | Lair:5   | 13780 ||| INVOKING Heroism.
 13781 | Lair:5   | Found a viscous altar of Jiyva.
 13791 | Lair:5   | 13791 ||| DRINKING potion of cancellation.
 13806 | Lair:5   | 13806 ||| INVOKING Heroism.
 13868 | Lair:5   | 13868 ||| Stepping ~*~*~tactically~*~*~ (stealth).
 13869 | Lair:5   | 13869 ||| Stepping ~*~*~tactically~*~*~ (stealth).
 13872 | Lair:5   | 13872 ||| Stepping ~*~*~tactically~*~*~ (stealth).
 13884 | Lair:5   | 13884 ||| INVOKING Heroism.
 13891 | Lair:5   | Gained mutation: Your large and strong wings let you fly.
                  | [Gargoyle growth]
 13891 | Lair:5   | Reached XP level 14. HP: 84/88 MP: 19/21
 13906 | Lair:5   | Reached skill level 14 in Axes
 13914 | Lair:5   | Received a gift from Okawaru
 13974 | Lair:5   | 13974 ||| INVOKING Heroism.
 13998 | Lair:5   | 13998 ||| Stepping ~*~*~tactically~*~*~ (stealth).
 13999 | Lair:5   | 13999 ||| Stepping ~*~*~tactically~*~*~ (stealth).
 14017 | Lair:5   | 14017 ||| Stepping ~*~*~tactically~*~*~ (stealth).
 14038 | Lair:5   | 14038 ||| Stepping ~*~*~tactically~*~*~ (stealth).
 14147 | Lair:5   | 14147 ||| INVOKING Heroism.
 14164 | Lair:5   | Reached skill level 12 in Shields
 14270 | Lair:5   | 14270 ||| Stepping ~*~*~tactically~*~*~ (stealth).
 14509 | Lair:5   | 14509 ||| PLANNING D:1-11
 14509 | Lair:5   | 14509 ||| DROPPING +0 chain mail of cold resistance.
 14696 | D:11     | 14696 ||| INVOKING Heroism.
 14737 | D:11     | Identified the +8 war axe "Kiuxkire" {pain, rC+ rCorr Str+3
                  | Int+3} (Okawaru gifted it to you on level 11 of the
                  | Dungeon)
 14737 | D:11     | Received a gift from Okawaru
 14741 | D:11     | 14741 ||| INVOKING Heroism.
 14760 | D:11     | 14760 ||| SWAPPING to +8 war axe "Kiuxkire" {pain, rC+
                  | rCorr Str+3 Int+3}.
 14833 | D:11     | 14833 ||| INVOKING Heroism.
 14858 | D:11     | Noticed Urug
 14859 | D:11     | 14859 ||| INVOKING Finesse.
 14868 | D:11     | 14868 ||| INVOKING Heroism.
 14879 | D:11     | Killed Urug
 14909 | D:11     | 14909 ||| SWAPPING to +5 broad axe.
 14910 | D:11     | 14910 ||| DROPPING +0 broad axe of freezing.
 14911 | D:11     | 14911 ||| READING scroll of enchant weapon.
 14911 | D:11     | 14911 ||| ENCHANTING +5 broad axe.
 15030 | D:11     | 15030 ||| INVOKING Heroism.
 15153 | D:11     | 15153 ||| PLANNING D
 15175 | D:12     | 15175 ||| INVOKING Heroism.
 15178 | D:12     | 15178 ||| STAIRDANCE
 15262 | D:12     | Found Mydyfohae's Magic Scroll Shoppe.
 15265 | D:12     | 15265 ||| BUYING scroll of acquirement (780 gold).
 15265 | D:12     | Bought a scroll of acquirement for 780 gold pieces
 15265 | D:12     | 15265 ||| SHOPLISTING scroll of blinking (112 gold, have
                  | 69).
 15265 | D:12     | 15265 ||| SHOPLISTING scroll of enchant armour (112 gold,
                  | have 69).
 15265 | D:12     | 15265 ||| BUYING scroll of identify (30 gold).
 15265 | D:12     | Bought a scroll of identify for 30 gold pieces
 15265 | D:12     | 15265 ||| READING scroll of acquirement.
 15265 | D:12     | 15265 ||| ACQUIRING 305 gold pieces
 15265 | D:12     | Acquired 305 gold pieces
 15267 | D:12     | 15267 ||| BUYING scroll of blinking (112 gold).
 15267 | D:12     | Bought a scroll of blinking for 112 gold pieces
 15267 | D:12     | 15267 ||| BUYING scroll of enchant armour (112 gold).
 15267 | D:12     | Bought a scroll of enchant armour for 112 gold pieces
 15267 | D:12     | 15267 ||| READING scroll of enchant armour.
 15267 | D:12     | 15267 ||| ENCHANTING +0 pair of gloves.
 15288 | D:12     | 15288 ||| INVOKING Heroism.
 15290 | D:12     | 15290 ||| Stepping ~*~*~tactically~*~*~ (stealth).
 15343 | D:12     | Gained mutation: You have hidden genetic defects. [a
                  | shining eye]
 15346 | D:12     | Noticed Kirke
 15347 | D:12     | 15347 ||| INVOKING Heroism.
 15348 | D:12     | 15348 ||| INVOKING Finesse.
 15349 | D:12     | 15349 ||| INVOKING Finesse.
 15360 | D:12     | HP: 5/90 [manticore[Kirke] (24)]
 15360 | D:12     | Slain by a manticore

Levels and vault maps discovered:
D:1:      ebering_trefoil_3fold, layout_loops_ring,
          hellmonk_ecumenical_altar_lost_god, serial_bayou_pond_c,
          minmay_tetromino_t2
D:2:      layout_loops_ring, hangedman_abyss_or_decor_lesser_grid,
          dk_vineyard_1, nicolae_concentric_dashed_squares_wild,
          uniq_crazy_yiuf_cottage, uniq_robin
D:3:      layout_loops_cross, nicolae_sif_muna_little_library, serial_shops,
          nicolae_shop_stone, serial_park_tiny_pond, uniq_sigmund
D:4:      layout_cave_pools, nicolae_ossuary_entry_false_entrances
D:5:      layout_basic, serial_shops, shop, nicolae_eternal_life,
          roderic_roman_lattice, amcnicky_altar_lugonu_corruption
D:6:      layout_basic, minitemple, lemuel_temple_firewalk_a, uniq_pikel
D:7:      minmay_the_grid_octo_tiled_squarecenter [minmay_the_grid_octo_horde,
          minmay_the_grid_octo_checkerflower, minmay_the_grid_octo_fan_narrow,
          minmay_the_grid_octo_tetromino_candy,
          minmay_the_grid_square_5x5_megaprize_checkered,
          minmay_the_grid_square_5x5_one_wall,
          minmay_the_grid_square_5x5_pentomino_r,
          minmay_the_grid_square_5x5_shrine2,
          minmay_the_grid_square_5x5_spiral], layout_basic,
          nicolae_qazlal_scattered_showers, dilly_guarded_unrand_morg,
          uniq_joseph
D:8:      layout_cave_pods
D:9:      layout_small_grid, lemuel_coloured_pillars_altar,
          jmf_multi_god_temple, grunt_lair_entry_orc_guard_hut,
          lightli_minifort, uniq_erica
D:10:     layout_basic, mainiacjoe_overflow_24_doors, orc_0_dummy,
          serial_undead, serial_undead_d, serial_undead_a, serial_undead_a,
          serial_undead_c, serial_undead_c, serial_undead_b, serial_undead_f,
          serial_undead_f, serial_undead_a, serial_undead_a, chequers_arboretum,
          minivault_15, st_stairs_5
D:11:     layout_big_octagon, uniq_urug
D:12:     minmay_recursive_quarters, layout_basic, serial_bayou,
          serial_bayou_pond_d, serial_bayou_lagoon_a, serial_bayou_ford_a,
          serial_bayou_pond_d, serial_shops, kennysheep_mini_moat, uniq_kirke
Temple:   nicolae_temple_no_exploring_needed
Lair:1:   layout_roguey, grunt_megastairs_2, lemuel_fruit_tree
Lair:2:   layout_loops_ring, elwin_shoals_entry_rocks
Lair:3:   layout_cave_pods, hellmonk_spider_entry_not_the_bees,
          portal_ice_cave_entry_pillars_1, beast_lair_carwin_8,
          grunt_megastairs_1
Lair:4:   layout_regular_city
Lair:5:   minmay_lair_end_frog_pond, layout_misc_corridors,
          minmay_slime_entry_oklob_open

Skill      XL: |  1  2  3  4  5  6  7  8  9 10 11 12 13 14 |
---------------+-------------------------------------------+-----
Axes           | 2 3 5 7 8 10 11 12 13 14 | 14.4
Fighting       | 4 5 7 9 10 11 | 11.0
Dodging        | 1 2 |  2.3
Armour         | 5 6 7 8 9 10 | 10.0
Shields        | 4 5 10 11 12 | 12.0
Throwing       | 3 4 5 |  5.7
Invocations    | 3 6 10 | 10.0

Action                   |  1- 3 |  4- 6 |  7- 9 | 10-12 | 13-15 || total
-------------------------+-------+-------+-------+-------+-------++-------
Melee: War axe           |   109 |    84 |   253 |   678 |   194 ||  1318
       Broad axe         |       |       |       |       |   315 ||   315
       Morningstar       |       |       |       |       |    33 ||    33
       Unarmed           |       |       |       |       |     4 ||     4
Throw: Boomerang         |       |       |     2 |     3 |    39 ||    44
       Javelin           |       |       |       |    72 |    71 ||   143
Invok: Heroism           |       |       |       |    13 |    24 ||    37
       Finesse           |       |       |       |       |     5 ||     5
  Use: Scroll            |     4 |     8 |     6 |     7 |     4 ||    29
       Potion            |       |     2 |     2 |     5 |     1 ||    10
 Stab: Distracted        |       |       |     1 |       |       ||     1
Armor: Scale mail        |    50 |    39 |    56 |       |       ||   145
       Plate armour      |       |       |   122 |   586 |   193 ||   901
       Chain mail        |       |       |       |       |    44 ||    44
Dodge: Dodged            |    42 |    42 |    73 |   277 |   215 ||   649
Block: Buckler           |    28 |    22 |    48 |    61 |       ||   159
       Kite shield       |       |       |       |   302 |   304 ||   606

Table legend:
 A = Non-vault XP
 B = Vault XP
 C = Vault XP percentage of total XP
 D = Non-vault monster count
 E = Vault monster count
 F = Vault count percentage of total count
                 A         B        C        D         E       F
            +---------+---------+-------+---------+---------+-------
      Total |   39388 |   35251 |  47.2 |     298 |     157 |  34.5
            +---------+---------+-------+---------+---------+-------
        D:1 |      32 |       2 |   5.9 |      18 |       1 |   5.3
        D:2 |      36 |      34 |  48.6 |      19 |      11 |  36.7
        D:3 |      42 |     231 |  84.6 |       9 |       1 |  10.0
        D:4 |     564 |       0 |   0.0 |      17 |       0 |   0.0
        D:5 |     739 |       0 |   0.0 |      27 |       0 |   0.0
        D:6 |     648 |     641 |  49.7 |      16 |       1 |   5.9
        D:7 |    1246 |    4277 |  77.4 |      28 |      32 |  53.3
        D:8 |    1104 |       0 |   0.0 |      21 |       0 |   0.0
        D:9 |    1795 |    3605 |  66.8 |      12 |      15 |  55.6
       D:10 |    1888 |    7988 |  80.9 |      13 |      30 |  69.8
       D:11 |    5043 |     800 |  13.7 |      29 |       1 |   3.3
       D:12 |    1784 |    2047 |  53.4 |       7 |       5 |  41.7
     Lair:1 |    1497 |     476 |  24.1 |       4 |       1 |  20.0
     Lair:2 |    7738 |       0 |   0.0 |      21 |       0 |   0.0
     Lair:3 |    5871 |    3254 |  35.7 |      16 |      18 |  52.9
     Lair:4 |    3357 |       0 |   0.0 |      14 |       0 |   0.0
     Lair:5 |    6004 |   11896 |  66.5 |      27 |      41 |  60.3
            +---------+---------+-------+---------+---------+-------
